 Dungeon Crawl Stone Soup version 0.16.2-12-gd0ad4c3 (webtiles) character file.

13773 Seneschal the Unseen (level 11, -3/53 HPs)
             Began as a Spriggan Assassin on Sept 22, 2015.
             Was the Champion of Zin.
             Slain by an orc
             ... wielding a +0 whip
              (7 damage)
             ... on level 4 of the Orcish Mines.
             The game lasted 00:53:06 (13682 turns).

Seneschal the Unseen (Spriggan Assassin)           Turns: 13682, Time: 00:53:07

Health: -3/53      AC:  5    Str:  7    XL:     11   Next: 80%
Magic:  22/22      EV: 36    Int: 14    God:    Zin [******]
Gold:   1735       SH:  0    Dex: 20    Spells: 0 memorised, 10 levels left

rFire  . . .     SeeInvis +     B - +4 short sword (elec)
rCold  + . .     Clarity  .     c - +2 robe
rNeg   . . .     SustAb   .     (shield restricted)
rPois  .         Gourm    .     (helmet restricted)
rElec  .         Spirit   .     d - +0 cloak
rCorr  .         Warding  .     (gloves unavailable)
rMut   .         Stasis   .     (boots unavailable)
MR     +....                    k - amulet of rage
Stlth  ++++++++..               I - ring of protection from cold
                                q - +3 ring of evasion

@: very quick, somewhat resistant to hostile enchantments, extraordinarily
stealthy
A: unfitting armour, see invisible, herbivore 3, speed 3, slow metabolism 2
a: Recite, Vitalisation, Imprison, Sanctuary, Cure All Mutations, Renounce
Religion, Evoke Berserk Rage


You were on level 4 of the Orcish Mines.
You worshipped Zin.
Zin was exalted by your worship.
You were not hungry.

You visited 2 branches of the dungeon, and saw 14 of its levels.

You collected 2068 gold pieces.
You spent 187 gold pieces at shops.
You donated 146 gold pieces to Zin.

Inventory:

Hand weapons
 a - a +2 dagger
 b - a +0 blowgun
 B - a +4 short sword of electrocution (weapon)
Missiles
 e - 70 poisoned needles
 f - 2 curare-tipped needles
Armour
 c - a +2 robe (worn)
 d - a +0 cloak (worn)
 H - a +2 robe
Jewellery
 j - an uncursed ring of protection from magic
 k - an amulet of rage (around neck)
 q - a +3 ring of evasion (left hand)
 C - an uncursed ring of flight
 I - a ring of protection from cold (right hand)
Magical devices
 w - a wand of frost (0)
 x - a wand of disintegration (0)
 E - a wand of disintegration (0)
 N - a wand of paralysis (0)
 O - a wand of disintegration (4)
 P - a wand of magic darts (11)
 Q - a wand of magic darts (13)
 R - a wand of draining (6)
Scrolls
 i - a scroll of noise
 m - 2 scrolls of immolation
 o - 4 scrolls of fog
 p - 3 scrolls of remove curse
 y - a scroll of magic mapping
 L - 2 scrolls of amnesia
Potions
 r - a potion of degeneration
 t - a potion of restore abilities
 v - 2 potions of flight
 z - a potion of heal wounds
 A - 2 potions of curing
 D - 3 potions of poison
 F - 2 potions of invisibility
 G - 4 potions of decay
 M - a potion of agility
Books
 u - a book of Cantrips

   Spells                             Type                      Level
   a - Corona                         Hexes                        1
   b - Animate Skeleton               Necromancy                   1
   c - Summon Small Mammal            Summoning                    1
   d - Apportation                    Translocation                1
 J - a book of the Dragon

   Spells                             Type                      Level
   a - Flight                         Charms/Air                   3
   b - Cause Fear                     Hexes                        4
   c - Bolt of Fire                   Conjuration/Fire             6
   d - Dragon Form                    Transmutation                7
   e - Dragon's Call                  Summoning                    9
Comestibles
 g - 9 bread rations
 n - 2 royal jellies
 s - 2 fruits
 K - 7 slices of pizza


   Skills:
 * Level 4.0 Fighting
 + Level 10.0 Short Blades
 - Level 2.1 Throwing
 + Level 14.9 Dodging
 * Level 17.8 Stealth
 + Level 2.4 Evocations


You had 10 spell levels left.
You didn't know any spells.

Dungeon Overview and Level Annotations

Branches:
Dungeon (10/15)            Temple (0/1) D:5             Orc (4/4) D:9
   Lair: D:8-11         Elf: Orc:3-4

Altars:
Ashenzari
Dithmenos
Kikubaaqudgha
Makhleb
Nemelex Xobeh
Okawaru
Trog
Vehumet
Yredelemnul
Zin
Beogh

Shops:
D:8 (!   Orc:2 :   Orc:3 }   Orc:4 (

Annotations:
D:3 Grinder
Orc:4 Nergalle


Innate Abilities, Weirdness & Mutations

You are tiny and cannot use many weapons and most armour.
You have supernaturally acute eyesight.
You are a herbivore.
You cover ground extremely quickly.
You need consume almost no food.


Message History

Things that are here:
a hand axe; a chain mail You open the door. 3 orcs and an ogre come into view.
You closely miss the orc. You hit the orc.
The orc is moderately wounded.
You hit the orc but do no damage.
There is a sudden explosion of sparks!
You kill the orc!
A goblin and an orc warrior come into view.
The orc warrior shouts!
The ogre shouts!
The goblin shouts!
The orc shouts!
The orc shouts!
Found Vochiuza's Weapon Boutique.
There is an open door, spattered with blood here.
You hit the orc warrior.
The orc warrior is lightly wounded.
The orc warrior hits you with a hand axe!!
* * * LOW HITPOINT WARNING * * *
The orc hits you with a whip!
You die...

....#.))......#...#
....##.).....##...#
##.###.......##'###
####.........##)#
.##.....))....#.+
###)..........#.#
##......###'###.#####
........#.....#.#oo.#
........#.....#)@gO.#
........#..⌠..')#o.∩#
...<....#.....#.#####
........#.....#.....#
.......########)###.#
#...... #.))).#.#
####.. #.._..'.# # #
#.....#.# .
######'###.#


You could see an orc warrior, an ogre, 2 orcs and a goblin.

Vanquished Creatures
  A hill giant (D:10)
  Pikel (D:7)
  2 orc knights (Orc:4)
  2 orc sorcerers
  Joseph (D:9)
  Psyche (Orc:3)
  A troll (Orc:4)
  Prince Ribbit (D:9)
  A two-headed ogre (D:9)
  A hippogriff (D:8)
  Eustachio (D:7)
  A human (D:7)
  Grum (D:8)
  2 wolves (D:8)
  2 hungry ghosts (D:9)
  A warg (Orc:3)
  A water moccasin (D:10)
  Edmund (D:4)
  3 sky beasts
  24 orc warriors
  A black bear (D:7)
  4 ice beasts
  3 necrophages
  2 slaves (D:7)
  2 phantoms
  A centaur (D:9)
  9 ogres
  2 big kobolds
  Blork the orc (D:6)
  9 giant frogs
  2 scorpions
  15 killer bees
  A troll zombie (D:9)
  4 wights (D:9)
  7 crimson imps
  A centaur zombie (D:9)
  2 giant frog zombies
  5 goliath beetles
  A jelly (D:6)
  A quasit (D:10)
  4 giant frog skeletons
  6 hounds
  4 iguanas
  12 orc priests
  7 worker ants
  7 orc wizards
  2 killer bee zombies (D:9)
  Ijyb (D:4)
  5 ogre zombies (D:9)
  4 sheep (D:7)
  A hound skeleton (D:10)
  A hound zombie (D:5)
  15 gnolls
  19 adders
  A giant mite (D:3)
  2 shadow imps
  A worm (D:6)
  An adder skeleton (D:7)
  An adder zombie (D:10)
  154 orcs
  13 bats
  2 bat skeletons (D:7)
  3 giant cockroaches
  20 goblins
  20 hobgoblins
  5 jackals
  2 quokkas
  3 ball pythons
  6 giant newts
  A giant spore (D:10)
  4 goblin skeletons (D:9)
  A goblin zombie (D:9)
  A hobgoblin skeleton (D:9)
  2 hobgoblin zombies (D:9)
  24 kobolds
  3 orc skeletons (D:9)
  8 orc zombies (D:9)
  A quokka skeleton (D:6)
  11 rats
  A rat zombie (D:9)
  3 ballistomycetes
504 creatures vanquished.

Vanquished Creatures (others)
  An ogre (D:7)
  A hound (D:7)
  3 giant spores
5 creatures vanquished.

Grand Total: 509 creatures vanquished

Notes
Turn   | Place    | Note
--------------------------------------------------------------
     0 | D:1      | Seneschal, the Spriggan Assassin, began the quest for the Orb.
     0 | D:1      | Reached XP level 1. HP: 10/10 MP: 2/2
    96 | D:1      | Reached skill level 6 in Stealth
   151 | D:1      | Reached XP level 2. HP: 7/14 MP: 4/4
   177 | D:1      | Found a shattered altar of Ashenzari.
   452 | D:1      | Reached skill level 7 in Stealth
   524 | D:2      | Reached XP level 3. HP: 12/18 MP: 6/6
   775 | D:2      | Reached XP level 4. HP: 19/22 MP: 8/8
  1007 | D:2      | Found an ancient bone altar of Kikubaaqudgha.
  1328 | D:3      | HP: 1/22 [orc/short sword (4)]
  1372 | D:3      | Noticed Grinder
  1377 | D:3      | Reached skill level 8 in Stealth
  1634 | D:4      | Noticed Edmund
  1669 | D:4      | Killed Edmund
  1669 | D:4      | Reached XP level 5. HP: 15/25 MP: 10/10
  1844 | D:4      | Reached XP level 6. HP: 28/30 MP: 12/12
  1852 | D:4      | Noticed Ijyb
  1855 | D:4      | Killed Ijyb
  1888 | D:4      | Found a radiant altar of Vehumet.
  1889 | D:4      | Found a burning altar of Makhleb.
  1992 | D:4      | Reached skill level 9 in Stealth
  2311 | D:4      | Noticed an ogre
  2319 | D:4      | Reached skill level 5 in Dodging
  2363 | D:4      | Killed an ogre
  2536 | D:4      | Reached XP level 7. HP: 31/33 MP: 14/14
  2552 | D:4      | Found a glowing silver altar of Zin.
  2555 | D:4      | Became a worshipper of Zin the Law-Giver
  2555 | D:4      | Acquired Zin's first power
  2684 | D:5      | Entered Level 5 of the Dungeon
  3108 | D:5      | Acquired Zin's second power
  3149 | D:5      | Reached skill level 5 in Short Blades
  3173 | D:5      | Found a basalt altar of Yredelemnul.
  3523 | D:5      | Found a shadowy altar of Dithmenos.
  3523 | D:5      | Found a bloodstained altar of Trog.
  3679 | D:5      | Reached skill level 10 in Stealth
  3682 | D:5      | Found a staircase to the Ecumenical Temple.
  3868 | D:5      | Acquired Zin's third power
  4102 | D:5      | Reached XP level 8. HP: 23/37 MP: 16/16
  4378 | D:6      | Reached skill level 11 in Stealth
  4441 | D:6      | Noticed Blork the orc
  4464 | D:6      | Killed Blork the orc
  4726 | D:6      | Reached skill level 12 in Stealth
  5058 | D:7      | Zin protects you from harm!
  5421 | D:7      | Noticed Eustachio
  5530 | D:7      | Reached skill level 13 in Stealth
  5530 | D:7      | Reached XP level 9. HP: 37/41 MP: 18/18
  5541 | D:7      | Killed Eustachio
  5764 | D:7      | Acquired Zin's fourth power
  6189 | D:7      | Noticed Pikel
  6241 | D:7      | Killed Pikel
  6241 | D:7      | Reached skill level 10 in Dodging
  6785 | D:7      | Reached skill level 14 in Stealth
  7289 | D:8      | Found Hearuweg's Antique Weapon Emporium.
  7328 | D:8      | Noticed Grum
  7410 | D:8      | Killed Grum
  7410 | D:8      | Reached XP level 10. HP: 26/46 MP: 19/19
  7626 | D:8      | Found a bloodstained altar of Trog.
  7689 | D:8      | Found Coethuu's Distillery.
  7753 | D:8      | Reached skill level 15 in Stealth
  7759 | D:8      | Bought 2 potions of heal wounds for 150 gold pieces
  7759 | D:8      | Bought a potion of mutation for 37 gold pieces
  7968 | D:9      | Found a staircase to the Orcish Mines.
  8135 | D:9      | Noticed Joseph
  8153 | D:9      | Killed Joseph
  8397 | D:9      | Noticed Prince Ribbit
  8412 | D:9      | Killed Prince Ribbit
  8564 | D:9      | Reached skill level 16 in Stealth
  8654 | D:9      | Found a sparkling altar of Nemelex Xobeh.
  9168 | D:10     | Entered Level 10 of the Dungeon
  9395 | D:10     | Noticed a hill giant
  9435 | D:10     | Killed a hill giant
  9846 | D:10     | Reached XP level 11. HP: 49/51 MP: 20/20
 10383 | Orc:1    | Entered Level 1 of the Orcish Mines
 10645 | Orc:1    | Found an iron altar of Okawaru.
 10840 | Orc:2    | Found Chusm's Book Emporium.
 10997 | Orc:2    | Found a burning altar of Makhleb.
 11019 | Orc:2    | Reached skill level 17 in Stealth
 11895 | Orc:3    | Found Pnev's Gadget Shoppe.
 11906 | Orc:3    | Reached skill level 1 in Evocations
 12036 | Orc:3    | Noticed Psyche
 12160 | Orc:3    | Killed Psyche
 12404 | Orc:4    | Entered Level 4 of the Orcish Mines
 12964 | Orc:4    | Noticed Nergalle
 13418 | Orc:4    | Found a roughly hewn altar of Beogh.
 13456 | Orc:4    | Reached skill level 10 in Short Blades
 13681 | Orc:4    | Found Vochiuza's Weapon Boutique.
 13682 | Orc:4    | Slain by an orc

Action                   |  1- 3 |  4- 6 |  7- 9 | 10-12 || total
-------------------------+-------+-------+-------+-------++-------
Melee: Dagger            |   122 |   287 |   308 |       ||   717
       Short sword       |       |       |   286 |   922 ||  1208
 Fire: Blowgun           |       |    34 |    29 |    10 ||    73
Evoke: Wand              |       |       |     1 |    37 ||    38
  Use: Potion            |       |     6 |     1 |     7 ||    14
       Scroll            |       |     4 |    11 |     9 ||    24
 Stab: Sleeping          |    11 |    16 |    32 |    46 ||   105
       Distracted        |       |       |       |     3 ||     3
       Paralysed         |       |       |       |     9 ||     9
  Eat: Fruit             |       |       |     5 |     7 ||    12
